 Dungeon Crawl Stone Soup version 0.31.0-12-g77e489cdc1 (webtiles) character file.

Game seed: 6796669554326108707

963 Rassilon the Shield-Bearer (level 7, -10/64 HPs)
             Began as a Minotaur Fighter on Feb 17, 2024.
             Killed from afar by a steam dragon (13 damage)
             ... with a ball of steam
             ... on level 5 of the Dungeon.
             The game lasted 00:13:42 (3770 turns).

Rassilon the Shield-Bearer (Minotaur Fighter)       Turns: 3770, Time: 00:13:42

Health: -10/64     AC: 11    Str: 29      XL:     7   Next: 92%
Magic:  6/6        EV:  9    Int:  3 (5)  God:
Gold:   296        SH:  5    Dex: 10      Spells: 6/6 levels left

rFire   . . .        v - +0 falchion "Faucesima" {drain, rElec Str+7}
rCold   . . .        c - +0 buckler
rNeg    . . .        p - +0 chain mail
rPois   .            (helmet unavailable)
rElec   +            (no cloak)
rCorr   .            (no gloves)
SInv    .            h - +0 pair of boots
Will    .....        (no amulet) Stlth
                     (no ring)
HPRegen 0.30/turn    (no ring)
MPRegen 0.10/turn

%: no passive effects
@: no status effects
A: horns 3, retaliatory headbutt, subdued magic 1
a: no special abilities


You were on level 5 of the Dungeon.
You visited 1 branch of the dungeon, and saw 5 of its levels.

You collected 296 gold pieces.

Inventory:

Hand Weapons
 a - a +1 war axe
 v - the +0 falchion "Faucesima" (weapon) {drain, rElec Str+7}
   (You found it on level 4 of the Dungeon)

   Str+7:     It affects your strength (+7).
   rElec:     It insulates you from electricity.
Armour
 c - a +0 buckler (worn)
 h - a +0 pair of boots (worn)
 p - a +0 chain mail (worn)
Scrolls
 e - 2 scrolls of teleportation
 k - a scroll of enchant armour
Potions
 d - a potion of might
 n - a potion of resistance
 t - a potion of haste


   Skills:
 + Level 6.5 Fighting
 + Level 5.9 Axes
 + Level 6.5 Armour
 + Level 6.5 Shields


You had 6 spell levels left.
You didn't know any spells.
Your spell library contained the following spells:

 Spells                   Type           Power      Damage    Failure   Level
 Summon Small Mammal      Summ           0%         N/A       94%         1
 Call Canine Familiar     Summ           0%         N/A       100%        3
 Stone Arrow              Conj/Erth      0%         3d7       100%        3
 Animate Armour           Summ/Erth      0%         N/A       100%        4
 Summon Blazeheart Golem  Fire/Summ      0%         N/A       100%        4
 Lehudib's Crystal Spear  Conj/Erth      0%         10d2      100%        8


Dungeon Overview and Level Annotations

Branches:
Dungeon (5/15)
 Temple: D:4-7

Altars:
Gozag
Nemelex Xobeh
Ru
Uskayaw
The Shining One


Innate Abilities, Weirdness & Mutations

You have a pair of large horns on your head.
You reflexively headbutt those who attack you in melee.
Your spells are a little easier to cast, but a little less powerful.


Message History

The white imp freezes you.
* * * LOW HITPOINT WARNING * * *
You feel your strength returning.
You closely miss the white imp.
You feel sick.
The white imp hits you but does no damage.
You hit the white imp but do no damage. Your headbutt misses the white imp.
You feel sick. The white imp misses you.
You hit the white imp but do no damage.
You headbutt the white imp, but do no damage.
You feel sick. The white imp misses you. The white imp gestures at you.
The puff of frost misses you.
You barely miss the white imp. You headbutt the white imp!
The white imp is almost dead.
You feel sick.
You are no longer poisoned.
The white imp hits you but does no damage.
You slash the white imp!
You kill the white imp!
You barely miss the steam dragon. You block the steam dragon's attack.
The steam dragon barely misses you.
You hit the steam dragon.
The steam dragon is lightly wounded.
The steam dragon bites you but does no damage.
The steam dragon claws you but does no damage.
The steam dragon bites you but does no damage.
The steam dragon claws you.
* * * LOW HITPOINT WARNING * * *
You hit the steam dragon but do no damage.
You drain the steam dragon. Your headbutt misses the steam dragon.
The steam dragon is lightly wounded.
The steam dragon bites you.
* * * LOW HITPOINT WARNING * * *
The steam dragon claws you but does no damage.
As you read the scroll labelled POTAEV URCHEC, it crumbles to dust.
It is a scroll of enchant weapon.
Your +0 war axe glows red for a moment.
The steam dragon breathes steam at you. The ball of steam hits you!
You die...

##..#.######.,,,,,,
#............,,****
#.......##...,,,,**
#.....#.#*,,,,,*,,*
#.....#.#*,,,,,,,,,
#$......#*,,,,,,,,,
#.....#....,,,,,,,,
#.....#.##.*,*,,,,,
##@#.##.#*,*,*,,,,,
########D#.....*,*,*,,,,,
#...D...........,*,******
#............###**,*
******#..........#....,,,******
**,,,,,...........#..##*****,,,,
**,*****##..^......#,,#,,,* *,,,,
,,,*,8,8^#..........,<*,*,***,,,,
,,**^,^,,##..........,*,,,,,*,,,,


You could see a steam dragon (catching breath, drained).

Vanquished Creatures
  Sigmund (D:5)
  An ogre (D:4)
  A bullfrog (D:4)
  A scorpion (D:5)
  The ghost of jpg77071 the Chopper, a weakling HOMo (D:4)
  2 bombardier beetles
  A jelly (D:5)
  2 orc priests
  A hound (D:5)
  A gnoll bouda (D:5)
  2 iguanas
  4 orc wizards (D:4)
  5 gnolls (D:5)
  4 adders
  A white imp (D:5)
  A dart slug (D:4)
  10 orcs
  3 endoplasms
  5 giant cockroaches
  11 hobgoblins
  A jackal (D:2)
  3 quokkas
  7 ball pythons
  6 bats
  A frilled lizard (D:2)
  10 goblins
  7 kobolds
93 creatures vanquished.

Notes
Turn   | Place    | Note
-------+----------+-------------------------------------------
     0 | D:1      | Rassilon the Minotaur Fighter began the quest for the Orb.
     0 | D:1      | Reached XP level 1. HP: 19/19 MP: 0/0
   491 | D:1      | Reached XP level 2. HP: 25/27 MP: 1/1
   954 | D:2      | Reached XP level 3. HP: 29/33 MP: 2/2
  1834 | D:3      | Found a sacrificial altar of Ru.
  2141 | D:3      | Found a glowing golden altar of the Shining One.
  2223 | D:3      | Gained mutation: You have a pair of large horns on your
                  | head. [potion of mutation]
  2223 | D:3      | Gained mutation: Your spells are a little easier to cast,
                  | but a little less powerful. [potion of mutation]
  2227 | D:3      | Reached XP level 4. HP: 15/41 MP: 3/3
  2505 | D:4      | Noticed an ogre
  2515 | D:4      | Killed an ogre
  2516 | D:4      | Reached XP level 5. HP: 21/47 MP: 4/4
  2680 | D:4      | Reached skill level 5 in Fighting
  2680 | D:4      | Reached skill level 5 in Armour
  2680 | D:4      | Reached skill level 5 in Shields
  2765 | D:4      | Found a sparkling altar of Nemelex Xobeh.
  2765 | D:4      | Found a hide-covered altar of Uskayaw.
  2771 | D:4      | Reached XP level 6. HP: 56/56 MP: 5/5
  3093 | D:4      | Found a runed translucent door.
  3096 | D:4      | Noticed jpg77071's ghost (weakling HOMo)
  3136 | D:4      | Killed jpg77071's ghost
  3209 | D:4      | Reached skill level 5 in Axes
  3233 | D:4      | Identified the +0 falchion "Faucesima" {drain, rElec Str+7}
  3539 | D:5      | Entered Level 5 of the Dungeon
  3547 | D:5      | Reached XP level 7. HP: 54/62 MP: 6/6
  3691 | D:5      | Noticed Sigmund
  3696 | D:5      | Killed Sigmund
  3715 | D:5      | Found an opulent altar of Gozag.
  3746 | D:5      | Noticed a steam dragon
  3769 | D:5      | HP: 3/64 [steam dragon (6)]
  3770 | D:5      | Killed from afar by a steam dragon

Illustrated notes

Levels and vault maps discovered:
D:1:      dpeg_arrival_round_b, layout_basic, minmay_misc_feat_x, minmay_cupped
D:2:      layout_loops_corners, serial_bayou, serial_bayou_pond_b,
          serial_bayou_pond_e, serial_bayou_pond_b, serial_bayou_crossing,
          serial_bayou_ford_a, serial_bayou_lagoon_b,
          chequers_serial_rivers_room_b
D:3:      layout_basic, mainiacjoe_overflow_paths, mainiacjoe_overflow_brackets
D:4:      layout_basic, gammafunk_temple_overflow_statue, ebering_ghost_sewer_d,
          amcnicky_mini_corridor_feature, kennysheep_generic_room_16
D:5:      layout_basic, nicolae_gozag_seed_capital,
          mainiacjoe_ossuary_entry_dusty_tomb, skrybe_limestone_x, uniq_sigmund

Skill      XL: |  1  2  3  4  5  6  7 |
---------------+----------------------+-----
Fighting       | 4 5 6 |  6.5
Armour         | 4 5 6 |  6.5
Shields        | 4 5 6 |  6.5
Axes           | 3 4 5 |  5.9

Action                     |  1- 3 |  4- 6 |  7- 9 || total
---------------------------+-------+-------+-------++-------
  Melee: War axe           |    97 |    69 |       ||   166
         Headbutt          |     8 |    10 |    13 ||    31
         Falchion          |       |     9 |    57 ||    66
    Use: Potion            |     1 |     1 |     5 ||     7
         Scroll            |       |       |    11 ||    11
 Armour: Scale mail        |    59 |       |       ||    59
         Chain mail        |    21 |    60 |    67 ||   148
  Dodge: Dodged            |    36 |    30 |    37 ||   103
  Block: Buckler           |    19 |    12 |     9 ||    40
